 Dungeon Crawl Stone Soup version 0.31-a0-705-ga145531891 (webtiles) character file.

Game seed: 14326794817854409180

13610 Xavori the Slicer (level 12, -1/97 HPs)
             Began as an Octopode Chaos Knight on Sept 10, 2023.
             Was a Plaything of Xom.
             Slain by a cyclops (31 damage)
             ... on level 11 of the Dungeon.
             The game lasted 00:12:31 (20048 turns).

Xavori the Slicer (Octopode Chaos Knight)          Turns: 20048, Time: 00:12:32

Health: -1/97      AC:  5    Str: 15    XL:     12   Next: 7%
Magic:  10/10      EV: 17    Int: 21    God:    Xom [...*..]
Gold:   981        SH:  6    Dex: 20    Spells: 11/11 levels left

rFire   + + .        m - +1 rapier (chaos)
rCold   + + .        e - +0 buckler
rNeg    . . .        (helmet restricted)
rPois   +            (no amulet)
rElec   +            d - ring of protection from fire
rCorr   .            n - ring of Zanoqac {Fire rElec Will++ SInv}
SInv    +            t - +6 ring of dexterity
Will    ++...        H - ring "Beol" {Fly rPois rC+ Int+4}
Stlth   +++++++      (no ring)
HPRegen 0.36/turn    (no ring)
MPRegen 0.12/turn    (no ring)
                     (no ring)

%: no passive effects
@: attractive, flying, studying Short Blades
A: almost no armour, amphibious, 8 rings, camouflage 1, gelatinous body 1,
(nimble swimmer 1), tentacles, antennae 1, iridescent scales 2, clever 1, cold
resistance 2, low MP 1, robust 2, strong 1, wild magic 3, inability to drink
after injury 1, inability to read after injury 1, MP-powered wands
a: Renounce Religion


You were on level 11 of the Dungeon.
You worshipped Xom.
You were a favourite toy of Xom.
You visited 1 branch of the dungeon, and saw 11 of its levels.
You also visited: Ossuary.

You collected 1258 gold pieces.
You spent 277 gold pieces at shops.

Inventory:

Hand Weapons
 a - a +0 short sword of chaos
 h - a +2 dagger of holy wrath
 m - a +1 rapier of chaos (weapon)
Missiles
 C - 2 throwing nets
Armour
 e - a +0 buckler (worn)
Jewellery
 d - a ring of protection from fire (left tentacle)
 n - the ring of Zanoqac (right tentacle) {Fire rElec Will++ SInv}
   (Xom gifted it to you on level 1 of the Dungeon)

   [ring of fire]

   Fire:      It enhances your fire magic.
   rF+:       It protects you from fire.
   rC-:       It makes you vulnerable to cold.
   rElec:     It insulates you from electricity.
   Will++:    It greatly increases your willpower.
   SInv:      It lets you see invisible.
 s - a ring of wizardry
 t - a +6 ring of dexterity (on tentacle)
 F - an amulet of magic regeneration
 H - the ring "Beol" (on tentacle) {Fly rPois rC+ Int+4}
   (You found it on level 7 of the Dungeon)

   [ring of flight]

   Int+4:     It affects your intelligence (+4).
   rC+:       It protects you from cold.
   rPois:     It protects you from poison Fly: It grants you flight.
 K - a ring of fire
Talismans
 G - a serpent talisman
Wands
 x - a wand of digging (20)
 y - a wand of flame (33)
 L - a wand of charming (17)
Scrolls
 b - 2 scrolls of butterflies
 f - 8 scrolls of teleportation
 g - 3 scrolls of enchant weapon
 i - 6 scrolls of fear
 j - a scroll of enchant armour
 p - a scroll of vulnerability
 u - 3 scrolls of revelation
 B - a scroll of torment
 D - a scroll of immolation
 E - a scroll of amnesia
 M - 3 scrolls of blinking
 N - a scroll of noise
 O - 3 scrolls of identify
 P - 2 scrolls of fog
Potions
 c - 2 potions of attraction {unknown}
 k - 9 potions of curing
 l - 4 potions of heal wounds
 o - 2 potions of brilliance
 q - a potion of invisibility
 v - 4 potions of degeneration
 w - 2 potions of ambrosia
 z - a potion of haste {unknown}
 A - 2 potions of enlightenment
 I - a potion of might {unknown}
 J - 2 potions of lignification {unknown}


   Skills:
 + Level 7.2 Fighting
 + Level 13.7 Short Blades
 + Level 7.2 Dodging
 + Level 13.2 Stealth
 + Level 3.8 Shields
 + Level 4.6 Evocations
 * Level 6.4 Shapeshifting


You had 11 spell levels left.
You didn't know any spells.
Your spell library contained the following spells:

 Spells                   Type           Power      Damage    Failure   Level
 Magic Dart               Conj           0%         1d3       47%         1
 Shock                    Conj/Air       0%         1d3       47%         1
 Call Imp                 Summ           0%         N/A       61%         2
 Frozen Ramparts          Ice            0%         1d1       80%         3
 Mephitic Cloud           Conj/Pois/Air  0%         N/A       80%         3
 Swiftness                Air            0%         N/A       80%         3
 Airstrike                Air            0%         2d(0-16)  98%         4
 Petrify                  Tmut/Erth      0%         N/A       98%         4
 Metabolic Englaciation   Hex/Ice        0%         N/A       100%        5


Dungeon Overview and Level Annotations

Branches:
Dungeon (11/15)            Temple (0/1) D:6            Lair (0/5) D:9
Ossuary (visited)
    Orc: D:9-12

Altars:
Cheibriados
Elyvilon
Hepliaklqana
Kikubaaqudgha
Nemelex Xobeh
Okawaru
Qazlal
Ru
Sif Muna
Uskayaw
Vehumet
Xom
Yredelemnul
The Shining One

Shops:
D:8 ?   D:10 (

Portals:
Trove: D:10 (give 6 scrolls of fog)


Innate Abilities, Weirdness & Mutations

You cannot wear most types of armour.
You are amphibious.
You can wear up to eight rings at the same time.
Your skin changes colour to match your surroundings (Stealth+).
Your rubbery body absorbs attacks. (AC +1, EV +1)
((You are camouflaged when in or above water. (Stealth+)))
You have tentacles for arms and can constrict up to eight enemies at once.
You have a pair of small antennae on your head.
You are mostly covered in iridescent scales. (AC +4)
Your mind is acute. (Int +4, Str/Dex -1)
Your flesh is very cold resistant. (rC++)
Your magical capacity is low. (-10% MP)
You are very robust. (+20% HP)
Your muscles are strong. (Str +4, Int/Dex -1)
Your spells are much harder to cast, but much more powerful.
You occasionally lose the ability to drink potions when taking damage.
You occasionally lose the ability to read scrolls when taking damage.
You expend magic power (3 MP) to strengthen your wands.


Message History

Xom smiles on you.
You feel better. The cyclops completely misses you.
Unknown command.
You release your grip on the gargoyle.
The gargoyle barely misses you.
Your orc zombie hits the cyclops but does no damage.
The cyclops hits something!!
You see here a +0 club.
You hit the gargoyle. You burn the gargoyle. You grab the gargoyle.
You squeeze the gargoyle!
The gargoyle is almost destroyed.
You constrict the gargoyle, but do no damage.
The gargoyle hurls a stone arrow at you.
The stone arrow hits you!!
You puncture the gargoyle!
You destroy the gargoyle!
The cyclops throws a large rock.
The large rock completely misses you.
You see here a +0 mace.
The cyclops throws a large rock.
You block the large rock.
You see here a +0 club.
You see here a +0 mace.
You puncture the cyclops!
The cyclops goes berserk!
The cyclops is lightly wounded.
You hit the cyclops but do no damage.
The cyclops is lightly wounded.
Xom opens a gate.
The cyclops hits you!!
* * * LOW HITPOINT WARNING * * *
You barely miss the cyclops.
You tentacle-slap the cyclops, but do no damage.
The cyclops is lightly wounded.
Unknown command. "Go forth and destroy!"
You feel attractive to monsters.
Your shadow imp hits the cyclops but does no damage.
You see here a +0 club.
You hit the cyclops. You freeze the cyclops.
The cyclops is moderately wounded.
The cyclops hits you!!
You die...
Xom chortles!

{{{
#.#......#.#
#.........##
#.........#
#.........###.#
..............#
..........##..#
##.###.#### .#
# #.#.. ..
#@#.# .
#C#Z##.##.#
#5.).....#
###).##>...
...# . #...#
..... ......#
......?


You could see a cyclops (berserk, ally target) and a friendly shadow imp
(summoned).

Vanquished Creatures
  Erica (D:8)
  2 two-headed ogres (D:10)
  A catoblepas (D:9)
  2 death yaks (D:9)
  The ghost of Xavori the Covert, a novice OpCK of Xom (D:7)
  A deep elf pyromancer (D:7)
  An ugly thing (D:7)
  A moth of wrath (D:7)
  2 cyclopes (D:7)
  3 centaur zombies (D:10)
  An unseen horror (D:10)
  A gargoyle (D:11)
  A komodo dragon (D:7)
  A troll (D:9)
  A raiju (shapeshifter) (D:8)
  A slime creature (D:7)
  A shadow (D:11)
  A yak (shapeshifter) (D:11)
  A wyvern (D:8)
  2 steam dragons
  A vampire mosquito (D:5)
  A water moccasin (D:7)
  2 black bears
  An ice beast (D:8)
  An orc warrior (D:8)
  5 sky beasts
  2 ogres
  A tengu (D:9)
  3 centaurs
  A phantom (D:5)
  7 bullfrogs
  5 scorpions
  3 necrophages (D:10)
  6 wights
  8 killer bees
  A howler monkey (D:5)
  A human zombie (D:10)
  5 hounds
  2 jellies
  Crazy Yiuf (D:5)
  6 iguanas
  Jessica (D:2)
  3 sleepcaps
  3 hell rats (D:9)
  8 orc wizards
  10 mummies
  4 adders
  8 gnolls
  4 river rats
  2 shadow imps
  A white imp (D:7)
  A worm (D:2)
  3 dart slugs
  15 orcs
  9 endoplasms
  4 giant cockroaches
  A gnoll zombie (Ossuary)
  7 goblins
  10 hobgoblins
  4 jackals (D:2)
  11 kobolds
  4 quokkas
  6 ball pythons
  6 bats
  2 frilled lizards
  4 kobold zombies (Ossuary)
  3 orc zombies (Ossuary)
  7 rats
  A spectral kobold (D:4)
231 creatures vanquished.

Vanquished Creatures (collateral kills)
  A centaur zombie (D:10)
  A steam dragon (D:10)
  A wight (D:9)
  An orc wizard (D:10)
4 creatures vanquished.

Vanquished Creatures (others)
  An orc zombie (D:11)
1 creature vanquished.

Grand Total: 236 creatures vanquished

Notes
Turn   | Place    | Note
-------+----------+-------------------------------------------
     0 | D:1      | Xavori the Octopode Chaos Knight began the quest for the
                  | Orb.
     0 | D:1      | Reached XP level 1. HP: 16/16 MP: 1/1
   387 | D:1      | Reached XP level 2. HP: 3/21 MP: 2/2
  1106 | D:1      | XOM: noise
  2287 | D:1      | XOM: divination: detect items
  2413 | D:1      | XOM: silly message
  2414 | D:1      | XOM: noise
  2585 | D:1      | XOM: silly message
  2919 | D:1      | XOM: god gift: +1 rapier of chaos
  3110 | D:1      | XOM is BORED!
  3213 | D:1      | XOM: cloud trail
  3812 | D:1      | XOM: silly message
  4464 | D:1      | XOM: give mutations
  4464 | D:1      | Gained mutation: A frigid envelope surrounds you and
                  | freezes all who hurt you. [Xom's grace]
  4464 | D:1      | Gained mutation: You are robust. (+10% HP) [Xom's grace]
  4464 | D:1      | Gained mutation: Your system is resistant to poisons.
                  | (rPois) [Xom's grace]
  4464 | D:1      | Gained mutation: Your flesh is cold resistant. (rC+) [Xom's
                  | grace]
  6590 | D:1      | XOM: divination: magic mapping
  6597 | D:1      | XOM: silly message
  6789 | D:1      | XOM: noise
  7221 | D:1      | XOM: noise
  7566 | D:1      | XOM: god gift: spear {god gift}
  8007 | D:1      | XOM is BORED!
  8007 | D:1      | XOM: noise
  8040 | D:1      | XOM: silly message
  8475 | D:1      | XOM: give mutations
  8475 | D:1      | Lost mutation: A frigid envelope surrounds you and freezes
                  | all who hurt you. [Xom's mischief]
  8475 | D:1      | Gained mutation: Your magical capacity is low. (-10% MP)
                  | [Xom's mischief]
  8475 | D:1      | Gained mutation: You occasionally shout uncontrollably at
                  | your foes. [Xom's mischief]
  8580 | D:1      | XOM: give mutation
  8580 | D:1      | Gained mutation: You occasionally lose the ability to read
                  | scrolls when taking damage. [Xom's mischief]
  8657 | D:1      | XOM: silly message
  8756 | D:1      | Identified the ring of Zanoqac {Fire rElec Will++ SInv}
                  | (Xom gifted it to you on level 1 of the Dungeon)
  8756 | D:1      | XOM: god gift: ring of Zanoqac {Fire rElec Will++ SInv}
  8808 | D:1      | XOM: scenery: create altars
  8868 | D:1      | XOM: silly message
  9455 | D:1      | XOM is BORED!
  9455 | D:1      | XOM: give mutation
  9455 | D:1      | Gained mutation: You are clumsy. (Dex -2) [Xom's mischief]
 10105 | D:2      | Reached skill level 1 in Stealth
 10149 | D:2      | Reached XP level 3. HP: 22/28 MP: 2/2
 10172 | D:2      | XOM: give mutations
 10172 | D:2      | Gained mutation: Your muscles are strong. (Str +4, Int/Dex
                  | -1) [Xom's grace]
 10172 | D:2      | Gained mutation: You are very robust. (+20% HP) [Xom's
                  | grace]
 10172 | D:2      | Gained mutation: You expend magic power (3 MP) to
                  | strengthen your wands. [Xom's grace]
 10172 | D:2      | Gained mutation: You are partially covered in iridescent
                  | scales. (AC +2) [Xom's grace]
 10592 | D:2      | Noticed Jessica
 10596 | D:2      | Killed Jessica
 10597 | D:2      | Reached XP level 4. HP: 37/37 MP: 3/3
 10656 | D:2      | XOM: cloud trail
 10687 | D:2      | XOM: scenery: create altars
 10716 | D:2      | XOM: divination: magic mapping
 11002 | D:2      | Glimpsed the power of Zot.
 11295 | D:3      | Found a hide-covered altar of Uskayaw.
 11303 | D:3      | XOM: 1-stop teleportation journey
 11705 | D:3      | Found a faded altar of an unknown god.
 11770 | D:3      | Reached XP level 5. HP: 43/43 MP: 4/4
 11854 | D:3      | XOM: divination: detect items
 12098 | D:4      | Noticed an ogre
 12106 | D:4      | Killed an ogre
 12107 | D:4      | Reached skill level 5 in Stealth
 12107 | D:4      | Reached XP level 6. HP: 30/50 MP: 5/5
 12219 | D:4      | Found a glowing golden altar of the Shining One.
 12257 | D:4      | XOM: noise
 12308 | D:4      | Found a radiant altar of Vehumet.
 12347 | D:4      | Found a hazy altar of Hepliaklqana.
 12395 | D:4      | Found a sacrificial altar of Ru.
 12601 | D:4      | XOM: divination: magic mapping
 12695 | D:4      | Found a shimmering altar of Xom.
 12697 | D:4      | Found a shimmering altar of Xom.
 12697 | D:4      | Found a glowing golden altar of the Shining One.
 12699 | D:4      | Found an ancient bone altar of Kikubaaqudgha.
 12699 | D:4      | Found an iron altar of Okawaru.
 12699 | D:4      | Found a shimmering altar of Xom.
 12738 | D:4      | Noticed a black bear
 12747 | D:4      | Killed a black bear
 12748 | D:4      | Reached skill level 1 in Shields
 12905 | D:5      | Entered Level 5 of the Dungeon
 12915 | D:5      | Reached skill level 1 in Evocations
 12930 | D:5      | Reached XP level 7. HP: 54/56 MP: 6/6
 12940 | D:5      | Noticed a vampire mosquito
 12948 | D:5      | Killed a vampire mosquito
 12949 | D:5      | Reached skill level 5 in Short Blades
 13183 | D:4      | XOM: god gift: 27 gold pieces
 13320 | D:5      | Reached XP level 8. HP: 59/64 MP: 7/7
 13369 | D:5      | XOM: potion effect (might)
 13690 | D:5      | Found a runed translucent door.
 13691 | D:5      | Noticed Crazy Yiuf
 13832 | D:5      | Killed Crazy Yiuf
 13862 | D:5      | XOM: give mutation
 13862 | D:5      | Gained mutation: You occasionally lose the ability to drink
                  | potions when taking damage. [Xom's mischief]
 13899 | D:6      | XOM: smoke on damage
 13921 | D:6      | XOM: stat loss: -1 Str (15/16)
 13976 | D:6      | Found a staircase to the Ecumenical Temple.
 13992 | D:6      | XOM: draining
 14015 | D:6      | XOM: noise
 14197 | D:6      | XOM: stat loss: -1 Int (12/13)
 14418 | D:6      | XOM: stat loss: -1 Dex (15/16)
 14787 | D:7      | Noticed a brown ugly thing
 14791 | D:7      | XOM: summons friendly iron imp
 14839 | D:7      | Found a transporter.
 14840 | D:7      | Noticed Xavori's ghost (novice OpCK)
 14868 | D:7      | Found a sand-covered staircase.
 14873 | Ossuary  | Entered an ossuary
 14905 | Ossuary  | Lost mutation: Your system is resistant to poisons. (rPois)
                  | [potion of mutation]
 14905 | Ossuary  | Lost mutation: You occasionally shout uncontrollably at
                  | your foes. [potion of mutation]
 14905 | Ossuary  | Gained mutation: Your spells are a little harder to cast,
                  | but a little more powerful. [potion of mutation]
 14905 | Ossuary  | Gained mutation: A frigid envelope surrounds you and
                  | freezes all who hurt you. [potion of mutation]
 14915 | Ossuary  | Reached skill level 1 in Shapeshifting
 14966 | Ossuary  | XOM: silly message
 15314 | D:7      | Found a snail-covered altar of Cheibriados.
 15314 | D:7      | Found a sparkling altar of Nemelex Xobeh.
 15360 | D:7      | Reached XP level 9. HP: 63/70 MP: 8/8
 15390 | D:7      | Noticed a deep elf pyromancer
 15394 | D:7      | Killed a brown ugly thing
 15401 | D:7      | Killed a deep elf pyromancer
 15402 | D:7      | Reached skill level 5 in Fighting
 15601 | D:7      | Noticed a komodo dragon
 15688 | D:7      | Noticed a cyclops
 15691 | D:7      | XOM: enchant monster (good)
 15697 | D:7      | Killed a cyclops
 15699 | D:7      | Killed a cyclops
 15777 | D:7      | Noticed a moth of wrath
 15803 | D:7      | Found a transporter.
 15818 | D:7      | XOM: give mutations
 15818 | D:7      | Gained mutation: Your flesh is very cold resistant. (rC++)
                  | [Xom's grace]
 15818 | D:7      | Lost mutation: You are clumsy. (Dex -2) [Xom's grace]
 15818 | D:7      | Gained mutation: Your spells are harder to cast, but more
                  | powerful. [Xom's grace]
 16042 | D:7      | Found a stormy altar of Qazlal.
 16059 | D:7      | XOM: fake destruction
 16063 | D:7      | Reached skill level 5 in Dodging
 16064 | D:7      | Reached skill level 10 in Short Blades
 16195 | D:7      | Reached XP level 10. HP: 79/79 MP: 9/9
 16498 | D:7      | Killed a moth of wrath
 16499 | D:7      | Reached skill level 10 in Stealth
 16499 | D:7      | XOM: destruction
 16506 | D:7      | Killed Xavori's ghost
 16510 | D:7      | Identified the ring "Beol" {Fly rPois rC+ Int+4}
 16788 | D:8      | an orc changed into a glowing shapeshifter
 16788 | D:8      | Noticed a glowing shapeshifter (glowing shapeshifter)
 16788 | D:8      | a glowing shapeshifter changed into a death drake
 16788 | D:8      | Noticed a death drake (glowing shapeshifter)
 16790 | D:8      | a death drake changed into a tarantella
 16792 | D:8      | a tarantella changed into a shining eye
 16792 | D:8      | Noticed a shining eye (glowing shapeshifter)
 16794 | D:8      | XOM: enchant monster (good)
 16795 | D:8      | a shining eye changed into a glowing shapeshifter
 16795 | D:8      | Noticed a glowing shapeshifter (glowing shapeshifter)
 16795 | D:8      | a glowing shapeshifter changed into an elephant
 16795 | D:8      | Noticed an elephant (glowing shapeshifter)
 16797 | D:8      | an elephant changed into a swamp dragon
 16797 | D:8      | Noticed a swamp dragon (glowing shapeshifter)
 16800 | D:8      | a swamp dragon changed into a deep troll
 16800 | D:8      | Noticed a deep troll (glowing shapeshifter)
 16807 | D:8      | XOM: cast spell 'Chain of Chaos'
 16807 | D:8      | a deep troll changed into a wind drake
 16810 | D:8      | XOM: torment (54/121 hp)
 16975 | D:8      | Noticed Erica
 16977 | D:8      | Killed Erica
 17007 | D:8      | Found an ancient bone altar of Kikubaaqudgha.
 17039 | D:8      | XOM: polymorph orc priest -> scorpion
 17359 | D:8      | Found Jetowuv's Magic Scroll Emporium.
 17429 | D:8      | Bought a scroll of blinking for 112 gold pieces
 17429 | D:8      | Bought a scroll of noise for 15 gold pieces
 17429 | D:8      | Bought a scroll of identify for 30 gold pieces
 17429 | D:8      | Bought a scroll of fear for 60 gold pieces
 17429 | D:8      | Bought a scroll of fear for 60 gold pieces
 17440 | D:8      | XOM: enchant monster (bad)
 17446 | D:8      | XOM: summons 7 friendly demons
 17486 | D:8      | XOM: 2-stop teleportation journey
 17533 | D:8      | XOM: give mutations
 17533 | D:8      | Gained mutation: You have a pair of small antennae on your
                  | head. [Xom's grace]
 17533 | D:8      | Gained mutation: Your spells are much harder to cast, but
                  | much more powerful. [Xom's grace]
 17533 | D:8      | Gained mutation: You are mostly covered in iridescent
                  | scales. (AC +4) [Xom's grace]
 17610 | D:8      | XOM: give mutation
 17610 | D:8      | Gained mutation: You possess an exceptional clarity of
                  | mind. [Xom's grace]
 17986 | D:9      | Noticed a death yak
 17988 | D:9      | Noticed a death yak
 18002 | D:9      | a death yak changed into a catoblepas
 18002 | D:9      | Noticed a catoblepas
 18002 | D:9      | XOM: polymorph death yak -> catoblepas
 18012 | D:9      | Reached skill level 5 in Shapeshifting
 18012 | D:9      | Reached XP level 11. HP: 41/80 MP: 6/9
 18024 | D:9      | Killed a catoblepas
 18380 | D:9      | Noticed a death yak
 18392 | D:9      | XOM: cast spell 'Summon Ice Beast'
 18393 | D:9      | XOM: cast spell 'Summon Small Mammal'
 18456 | D:9      | XOM: polymorph hornet -> tengu
 18477 | D:9      | XOM: fake destruction
 18483 | D:9      | XOM: potion effect (heal wounds)
 18494 | D:9      | Killed a death yak
 18533 | D:9      | Killed a death yak
 18634 | D:9      | XOM: cloud trail
 18721 | D:9      | Found a staircase to the Lair.
 18913 | D:10     | Entered Level 10 of the Dungeon
 18924 | D:10     | Found a white marble altar of Elyvilon.
 18977 | D:10     | Found Icleidee's Antique Weapon Emporium.
 18977 | D:10     | XOM: 11-stop teleportation journey
 19075 | D:10     | Noticed a two-headed ogre
 19083 | D:10     | Killed a two-headed ogre
 19127 | D:10     | Found a portal to a secret trove of treasure.
 19150 | D:10     | Found a shimmering blue altar of Sif Muna.
 19293 | D:10     | Noticed a two-headed ogre
 19306 | D:10     | Killed a two-headed ogre
 19443 | D:10     | Found a basalt altar of Yredelemnul.
 19691 | D:10     | XOM: give mutations
 19691 | D:10     | Lost mutation: You possess an exceptional clarity of mind.
                  | [Xom's mischief]
 19691 | D:10     | Lost mutation: A frigid envelope surrounds you and freezes
                  | all who hurt you. [Xom's mischief]
 19833 | D:10     | Reached XP level 12. HP: 95/97 MP: 10/10
 19906 | D:10     | XOM: give mutation
 19906 | D:10     | Gained mutation: Your mind is acute. (Int +4, Str/Dex -1)
                  | [Xom's grace]
 20035 | D:11     | XOM: potion effect (curing)
 20045 | D:11     | XOM: summons friendly shadow imp
 20047 | D:11     | XOM: potion effect (attraction)
 20048 | D:11     | Slain by a cyclops

Illustrated notes

Levels and vault maps discovered:
D:1:      minmay_arrival_checkered_box, layout_loops_corners
D:2:      layout_loops_cross, dk_noncrumbling_2, uniq_jessica
D:3:      layout_loops_corners, lemuel_doored_altar,
          chequers_ecumenical_altar_twisty, columned_hall_lemuel,
          minmay_stone_trees_small, minmay_circle_x
D:4:      layout_loops_ring, vehumet_altar_wand_db, tso_metal_star,
          nicolae_hepliaklqana_monster_ancestors, kennysheep_little_box,
          doesnt_xom_only_xom, minmay_misc_feat_more_columns
D:5:      layout_cave_pools, minmay_manual_moon, uniq_crazy_yiuf_cottage
D:6:      layout_basic, minmay_temple_entry_butterflies
D:7:      layout_loops_corners, gammafunk_temple_overflow_elements,
          nicolae_qazlal_general_emergency, gammafunk_ghost_berserking_beasts,
          enter_ossuary_5, kb_rosetta
D:8:      layout_cave_pods, nicolae_kikubaaqudgha_miasma_corner, serial_shops,
          nicolae_diamond_shop, minivault_11, uniq_erica
D:9:      layout_rooms, dpeg_lair_monsters
D:10:     layout_gridville, mainiacjoe_overflow_tiny_flanked,
          lemuel_mausoleum_altar_yredelemnul, nicolae_sif_muna_little_library,
          enter_trove_6, nicolae_stop_n_shop_2, hangedman_misty_isle
D:11:     layout_loops_cross, kennysheep_orc_monster_closet_entryway

Skill      XL: |  1  2  3  4  5  6  7  8  9 10 11 |
---------------+----------------------------------+-----
Stealth        | 1 3 5 6 7 8 9 11 13 | 13.2
Short Blades   | 4 5 7 10 12 13 | 13.7
Dodging        | 3 4 5 7 |  7.2
Shields        | 1 2 3 |  3.8
Evocations     | 1 2 3 4 |  4.6
Fighting       | 4 5 6 7 |  7.2
Shapeshifting  | 1 3 5 6 |  6.4

Action                     |  1- 3 |  4- 6 |  7- 9 | 10-12 || total
---------------------------+-------+-------+-------+-------++-------
  Melee: Short sword       |    41 |       |       |       ||    41
         Tentacles         |    12 |    13 |    55 |    87 ||   167
         Constrict         |    12 |    15 |    58 |    39 ||   124
         Rapier            |    32 |    83 |   201 |   295 ||   611
         Punch             |       |       |     9 |     6 ||    15
  Evoke: Wand              |       |       |     4 |     3 ||     7
    Use: Scroll            |       |     3 |    10 |     3 ||    16
         Potion            |       |       |     7 |     4 ||    11
   Stab: Sleeping          |     6 |    14 |     7 |    23 ||    50
         Distracted        |     1 |       |     1 |     3 ||     5
         Confused          |       |       |     1 |       ||     1
         Paralysed         |       |       |     1 |       ||     1
         Invisible         |       |       |       |     1 ||     1
 Armour: Skin              |    31 |    29 |    76 |    91 ||   227
  Dodge: Dodged            |    22 |    48 |   111 |   122 ||   303
  Block: Buckler           |     5 |    15 |    33 |    41 ||    94

Table legend: (Time is in decaauts)
 A = Elapsed time spent in this place.
 B = Non-inter-level travel time spent in this place.
 C = Inter-level travel time spent in this place.
 D = Time resting spent in this place.
 E = Time spent auto-exploring this place.
 F = Levels seen in this place.
 G = Mean time per level.
                   A        B        C        D        E       F      G
               +--------+--------+--------+--------+--------+-----+--------+
         Total |  19941 |  19400 |    541 |  10698 |   6989 |  12 | 1661.8 |
       Dungeon |  19579 |  19038 |    541 |  10566 |   6899 |  11 | 1779.9 |
       Ossuary |    362 |    362 |      0 |    132 |     90 |   1 |  362.0 |
               +--------+--------+--------+--------+--------+-----+--------+

Top non-repeatable levels by time:
     D:1: 10057 daAuts
     D:7: 1575 daAuts
     D:8: 1466 daAuts
     D:4: 1120 daAuts
     D:2: 1081 daAuts
    D:10: 985 daAuts
     D:6: 933 daAuts
     D:3: 873 daAuts
     D:5: 741 daAuts
     D:9: 643 daAuts
 Ossuary: 362 daAuts
    D:11: 102 daAuts
